 Dungeon Crawl Stone Soup version 0.27.1-2-g3b301248ec (webtiles) character file.

Game seed: 2772400253495696775

991 karkarkar the Cleaver (level 7, -5/63 HPs)
             Began as a Minotaur Berserker on Oct 3, 2021.
             Was a Believer of Trog.
             Slain by an orc warrior (21 damage)
             ... on level 6 of the Dungeon.
             The game lasted 00:13:49 (6863 turns).

karkarkar the Cleaver (Minotaur Berserker)          Turns: 6863, Time: 00:13:50

Health: -5/63      AC:  6    Str: 23    XL:     7   Next: 98%
Magic:  6/6        EV: 12    Int: 10    God:    Trog [**....]
Gold:   159        SH:  0    Dex: 10    Spells: 6/6 levels left

rFire    . . .     SeeInvis .   a - +0 hand axe
rCold    . . .     Faith    .   (no shield)
rNeg     . . .     Spirit   .   o - +0 ring mail
rPois    .         Reflect  .   (helmet restricted)
rElec    .         Harm     .   (no cloak)
rCorr    +         Rampage  .   (no gloves)
Will     .....                  (no boots)
Stlth    +.........             (no amulet)
HPRegen  0.20/turn              e - ring of resist corrosion
MPRegen  0.10/turn              n - +6 ring of intelligence

@: no status effects
A: horns 2, retaliatory headbutt
a: Renounce Religion, Berserk, Trog's Hand


You were on level 6 of the Dungeon.
You worshipped Trog.
Trog was pleased with you.
You visited 1 branch of the dungeon, and saw 6 of its levels.

You collected 289 gold pieces.
You spent 130 gold pieces at shops.

Inventory:

Hand Weapons
 a - a +0 hand axe (weapon)
Armour
 o - a +0 ring mail (worn)
Jewellery
 e - a ring of resist corrosion (left hand)
 n - a +6 ring of intelligence (right hand)
Wands
 c - a wand of flame (14) (quivered)
Scrolls
 b - a scroll of torment
 h - a scroll of vulnerability {unknown}
 i - 7 scrolls of teleportation
 j - a scroll of blinking
 m - a scroll of immolation {unknown}
 p - a scroll of summoning {unknown}
Potions
 d - a potion of cancellation
 f - 4 potions of curing
 g - a potion of resistance
 k - 2 potions of heal wounds
 l - a potion of haste


   Skills:
 + Level 6.2 Fighting
 + Level 8.4 Axes
 + Level 4.7 Armour
 + Level 4.3 Dodging
 - Level 1.0 Stealth
 + Level 0.2 Evocations


You had 6 spell levels left.
You didn't know any spells.
Your spell library was empty.

Dungeon Overview and Level Annotations

Branches:
Dungeon (6/15)
 Temple: D:4-7

Altars:
Sif Muna
Uskayaw
Vehumet
Xom

Shops:
D:1 !?   D:2 (


Innate Abilities, Weirdness & Mutations

You have a pair of horns on your head.
You reflexively headbutt those who attack you in melee.


Message History

You closely miss the orc.
The orc is heavily wounded.
You closely miss the orc warrior. The orc hits you with a +0 short sword.
The orc warrior closely misses you.
You slash the orc!
You kill the orc!
Trog accepts your kill.
You hit the orc warrior but do no damage.
The orc warrior hits you with a +0 scimitar.
Things that are here:
a +0 short sword; 30 gold pieces; an orc corpse
Things that are here:
a sky beast corpse; a hound corpse You hit the orc warrior but do no damage.
You headbutt the orc warrior, but do no damage.
You barely miss the orc warrior. Your headbutt misses the orc warrior.
The orc warrior barely misses you.
You hit the orc warrior.
The orc warrior is lightly wounded.
The orc warrior closely misses you.
You hit the orc warrior. You headbutt the orc warrior!
The orc warrior is severely wounded.
The orc warrior closely misses you.
You closely miss the orc warrior. You headbutt the orc warrior.
The orc warrior is severely wounded.
The orc warrior hits you with a +0 scimitar!
You closely miss the orc warrior.
The orc warrior is severely wounded.
An orc wizard comes into view. It is wielding a +0 dagger.
The orc warrior hits you with a +0 scimitar!
You closely miss the orc warrior.
The orc warrior is severely wounded.
The orc wizard shouts!
You hear a shout!
The orc warrior hits you with a +0 scimitar!
* * * LOW HITPOINT WARNING * * *
You hit the orc warrior but do no damage.
You headbutt the orc warrior, but do no damage.
The orc warrior is severely wounded.
The orc warrior hits you with a +0 scimitar!!
You die...

####### #.....#
#.#<#.# #.#)#.#
#.#)#.# #.#@#.#
#.#o#.# #.#o#.#
...##.#.#.#####
....o..........
#####.#.#######
...#.. ### ####


You could see an orc warrior and an orc wizard.

Vanquished Creatures
  A water moccasin (D:5)
  An ice beast (D:5)
  A sky beast (D:6)
  A centaur (D:6)
  An ogre (D:4)
  A phantom (D:5)
  2 scorpions
  2 hounds
  A centaur skeleton (D:5)
  Natasha (twice) (D:2)
  An orc wizard (D:4)
  An iguana (D:5)
  A howler monkey zombie (D:4)
  Robin (D:2)
  6 adders
  3 gnolls (D:5)
  4 worms
  2 dart slugs
  7 orcs
  8 ball pythons
  9 bats
  4 endoplasms
  5 hobgoblins
  7 jackals
  5 quokkas
  A frilled lizard (D:2)
  12 goblins
  8 kobolds
  2 rats
100 creatures vanquished.

Notes
Turn   | Place    | Note
-------+----------+-------------------------------------------
     0 | D:1      | karkarkar the Minotaur Berserker began the quest for the
                  | Orb.
     0 | D:1      | Reached XP level 1. HP: 19/19 MP: 0/0
    19 | D:1      | Found Xuqoen's Magic Scroll Shoppe.
   195 | D:1      | Reached XP level 2. HP: 14/27 MP: 1/1
   361 | D:1      | Found a faded altar of an unknown god.
   443 | D:1      | Found Leerob's Distillery.
   469 | D:1      | Reached skill level 4 in Axes
  1292 | D:2      | Reached XP level 3. HP: 27/33 MP: 2/2
  1403 | D:2      | Reached ** piety under Trog
  1436 | D:2      | Noticed Robin
  1445 | D:2      | Killed Robin
  1457 | D:2      | Reached skill level 1 in Stealth
  1691 | D:2      | Reached XP level 4. HP: 32/41 MP: 3/3
  1874 | D:2      | Noticed Natasha
  1888 | D:2      | Killed Natasha
  2260 | D:2      | Found Zenecku's Weapon Shop.
  2288 | D:2      | Noticed Natasha
  2292 | D:2      | Killed Natasha
  2293 | D:2      | Reached skill level 5 in Axes
  2790 | D:3      | Reached XP level 5. HP: 43/47 MP: 4/4
  3580 | D:1      | Bought a scroll of identify for 20 gold pieces
  3580 | D:1      | Bought a scroll of teleportation for 30 gold pieces
  3580 | D:1      | Bought 2 scrolls of teleportation for 60 gold pieces
  3580 | D:1      | Bought a scroll of identify for 20 gold pieces
  3817 | D:4      | Found a hide-covered altar of Uskayaw.
  3817 | D:4      | Found a shimmering blue altar of Sif Muna.
  3824 | D:4      | Found a faded altar of an unknown god.
  3826 | D:4      | Found a faded altar of an unknown god.
  3828 | D:4      | Found a shimmering altar of Xom.
  4411 | D:4      | Reached skill level 6 in Axes
  4411 | D:4      | Reached *** piety under Trog
  4412 | D:4      | Reached skill level 5 in Fighting
  4579 | D:4      | Reached XP level 6. HP: 27/56 MP: 5/5
  5190 | D:5      | Entered Level 5 of the Dungeon
  5269 | D:5      | Found a radiant altar of Vehumet.
  5526 | D:5      | Reached skill level 7 in Axes
  6058 | D:5      | Reached XP level 7. HP: 52/61 MP: 6/6
  6140 | D:5      | HP: 1/61 [ice beast (11)]
  6284 | D:5      | Reached skill level 8 in Axes
  6863 | D:6      | Slain by an orc warrior

Illustrated notes

Levels and vault maps discovered:
D:1:      dpeg_arrival_court, layout_loops_cross,
          hellmonk_ecumenical_altar_run_dry, serial_shops,
          nicolae_shop_behind_doors, shop, minmay_small_reverse_x
D:2:      layout_loops_ring, serial_shops, nicolae_shop_behind_doors,
          kennysheep_crisscross, uniq_natasha, uniq_robin
D:3:      wad_pebble_path, layout_basic
D:4:      layout_gridville, chequers_temple_overflow_minitemple,
          hangedman_abyss_or_decor_jellyfish_corner
D:5:      layout_loops_ring, nicolae_vehumet_altar_sigil,
          kennysheep_small_circle
D:6:      layout_basic, grunt_decor_cap

Skill      XL: |  1  2  3  4  5  6  7 |
---------------+----------------------+-----
Fighting       | 4 5 6 |  6.2
Axes           | 4 5 6 7 8 |  8.4
Stealth        | 1 |  1.0
Dodging        | 3 4 |  4.3
Armour         | 4 |  4.7
Evocations     | |  0.2

Action                   |  1- 3 |  4- 6 |  7- 9 || total
-------------------------+-------+-------+-------++-------
Melee: Hand axe          |    87 |   148 |    80 ||   315
       Headbutt          |     8 |    23 |    14 ||    45
Invok: Trog's Hand       |     1 |     4 |     3 ||     8
Evoke: Wand              |       |     2 |       ||     2
  Use: Scroll            |     1 |     7 |       ||     8
       Potion            |       |       |     1 ||     1
 Stab: Sleeping          |     1 |     4 |       ||     5
Armor: Animal skin       |    20 |    14 |       ||    34
       Leather armour    |       |     6 |       ||     6
       Ring mail         |       |     7 |    27 ||    34
Dodge: Dodged            |    67 |    83 |    46 ||   196
